[Event "Titled Tuesday Blitz November 01 Early 2022"]
[White "Pinheiro, Iung Alicio de O."]
[Black "Xiong, Jeffery"]
[WhiteFideId "2104350"]
[BlackFideId "2047640"]
[WhiteElo "2283"]
[BlackElo "2725"]
[Result "0-1"]
[Round "04"]
[TimeControl "180+1"]
[Date "2022.11.02"]
[WhiteClock "0:00:11"]
[BlackClock "0:00:59"]

1. e4 c5 2. Nf3 d6 3. Nc3 Nf6 4. e5 dxe5 5. Nxe5 a6 6. g3 Qc7 7. d4 e6 8. Nf3 cxd4 9. Nxd4 Be7 10. Bg2 O-O 11. Qe2 e5 12. Nf3 Nc6 13. h3 Bf5 14. O-O Rad8 15. Be3 Nd4 16. Bxd4 exd4 17. Nb1 d3 18. Qe5 Qxe5 19. Nxe5 dxc2 20. Nc3 h5 21. Rac1 Bb4 22. Kh2 Bxc3 23. bxc3 Rc8 24. g4 hxg4 25. hxg4 Nxg4+ 26. Nxg4 Bxg4 27. Rxc2 b5 28. Rfc1 Rc7 29. c4 Bf5 30. Rc3 Rfc8 31. c5 b4 32. Rc4 Be6 33. Rxb4 Rxc5 34. Rxc5 Rxc5 35. Ra4 a5 36. a3 Bc4 37. Kg3 Kf8 38. f4 Ke7 39. Kf3 Bd5+ 40. Kg3 Rc3+ 0-1


[Site "https://www.chess.com"]

[Event "Titled Tuesday Blitz November 01 Early 2022"]
[White "Pultinevicius, Paulius"]
[Black "Suleymanli, Suleyman"]
[WhiteFideId "12809390"]
[BlackFideId "13416375"]
[WhiteElo "2500"]
[BlackElo "2204"]
[Result "1-0"]
[Round "04"]
[TimeControl "180+1"]
[Date "2022.11.02"]
[WhiteClock "0:00:37"]
[BlackClock "0:00:18"]

1. d4 d5 2. c4 dxc4 3. e4 Nf6 4. e5 Nd5 5. Bxc4 Nb6 6. Bb3 Nc6 7. Ne2 Bf5 8. Nbc3 e6 9. Be3 Be7 10. a3 O-O 11. O-O Na5 12. Bc2 Bxc2 13. Qxc2 Nac4 14. Rad1 c6 15. Bc1 Qd7 16. Ne4 Na5 17. Nc5 Qc7 18. f4 Rad8 19. Kh1 Nd5 20. b4 b6 21. Ne4 Nb7 22. f5 exf5 23. Rxf5 c5 24. dxc5 bxc5 25. Ng5 Bxg5 26. Bxg5 Rd7 27. e6 fxe6 28. Rxf8+ Kxf8 29. Qxh7 Nf6 30. Rf1 Rf7 31. Qh8+ Ke7 32. Nf4 Kd7 33. Rd1+ Nd6 34. Nd3 Nde4 35. Ne5+ Ke7 36. Ng6# 1-0


[Site "https://www.chess.com"]

[Event "Titled Tuesday Blitz November 01 Early 2022"]
[White "Quirke, Jeffrey"]
[Black "Unat, Can Haktan"]
[WhiteFideId "2013029"]
[BlackFideId "6398073"]
[WhiteElo "2207"]
[BlackElo "2146"]
[Result "0-1"]
[Round "04"]
[TimeControl "180+1"]
[Date "2022.11.02"]
[WhiteClock "0:00:03"]
[BlackClock "0:01:01"]

1. e4 c5 2. Nc3 g6 3. f4 Bg7 4. Nf3 e6 5. d4 cxd4 6. Nxd4 d5 7. exd5 exd5 8. Bb5+ Bd7 9. Qe2+ Ne7 10. Be3 O-O 11. O-O-O Nbc6 12. g4 a6 13. Bxc6 bxc6 14. Na4 Qa5 15. b3 c5 16. Nf3 Bxa4 17. bxa4 Rab8 18. Ne5 d4 19. Nd7 dxe3 20. Nxb8 Rxb8 21. Rd3 Bb2+ 22. Kd1 Bc3 23. Qxe3 Rb1+ 24. Ke2 Rxh1 25. Qxe7 Re1+ 26. Kf2 Rxe7 0-1


[Site "https://www.chess.com"]

[Event "Titled Tuesday Blitz November 01 Early 2022"]
[White "Romero Ruscalleda, Josep"]
[Black "Agasarov, Benik"]
[WhiteFideId "2231859"]
[BlackFideId "13314823"]
[WhiteElo "2282"]
[BlackElo "2152"]
[Result "0-1"]
[Round "04"]
[TimeControl "180+1"]
[Date "2022.11.02"]
[WhiteClock "0:00:44"]
[BlackClock "0:00:27"]

1. e4 c5 2. c3 Nf6 3. e5 Nd5 4. Nf3 Nc6 5. Bc4 Nb6 6. Bb3 c4 7. Bc2 d5 8. exd6 Qxd6 9. O-O Bg4 10. Re1 e6 11. Qe2 Be7 12. b3 O-O 13. bxc4 Bxf3 14. Qxf3 Nxc4 15. Qe4 g6 16. Qxc4 Rfc8 17. Ba3 Qd7 18. Bxe7 Nxe7 19. Qf4 Nd5 20. Qh6 Qe7 21. h4 Rc4 22. g3 Qf6 23. h5 Rg4 24. hxg6 fxg6 25. Qh3 Rf8 26. Qg2 Nf4 27. Qh2 Nh3+ 28. Kh1 Nxf2+ 29. Kg1 Nh3+ 30. Kh1 Qf3+ 31. Qg2 Nf2+ 32. Kg1 Rxg3 0-1


[Site "https://www.chess.com"]

[Event "Titled Tuesday Blitz November 01 Early 2022"]
[White "Ronka, Erik"]
[Black "Horcajuelo Rocamora, Martin"]
[WhiteFideId "505080"]
[BlackFideId "24573027"]
[WhiteElo "2264"]
[BlackElo "2094"]
[Result "0-1"]
[Round "04"]
[TimeControl "180+1"]
[Date "2022.11.02"]
[WhiteClock "0:00:09"]
[BlackClock "0:00:59"]

1. e4 e5 2. Nf3 Nc6 3. Bb5 Nf6 4. d3 d6 5. h3 a6 6. Ba4 b5 7. Bb3 Be7 8. Bd2 O-O 9. O-O Nb8 10. c3 c5 11. d4 Nbd7 12. Re1 Bb7 13. Bc2 Rc8 14. d5 c4 15. b4 cxb3 16. axb3 Nc5 17. b4 Ncd7 18. Bd3 Nb6 19. Be3 Nc4 20. Qb3 Nxe3 21. Rxe3 Qd7 22. Nbd2 Bd8 23. Qb2 Bb6 24. Ree1 Nh5 25. c4 Nf4 26. Bf1 f5 27. cxb5 axb5 28. Rad1 Rcd8 29. Qc2 h6 30. Nb1 fxe4 31. Qxe4 Rf6 32. Nc3 Rdf8 33. Bxb5 Qf7 34. Be2 Rc8 35. Rc1 Nxe2+ 36. Nxe2 Rxc1 37. Rxc1 Bxd5 38. Qg4 e4 39. Rc8+ Kh7 40. Nh4 Bxf2+ 41. Kh1 Be6 42. Qxe4+ g6 43. Re8 Bd5 44. Qg4 Bxh4 45. Rd8 Rf1+ 46. Kh2 Bxd8 47. Nd4 Qf4+ 48. Qxf4 Rxf4 49. Ne2 Rxb4 50. Nc3 Bc6 51. Kg3 Rb3 52. Kg4 Rxc3 53. g3 Bd7+ 54. Kf4 Bf5 55. g4 Bg5# 0-1


[Site "https://www.chess.com"]

[Event "Titled Tuesday Blitz November 01 Early 2022"]
[White "Rustemov, Alexander"]
[Black "Jia, Haoxiang"]
[WhiteFideId "4119002"]
[BlackFideId "8602999"]
[WhiteElo "2934"]
[BlackElo "2641"]
[Result "1-0"]
[Round "04"]
[TimeControl "180+1"]
[Date "2022.11.01"]
[WhiteClock "0:00:46"]
[BlackClock "0:00:48"]

1. d4 Nf6 2. c4 g6 3. Nf3 Bg7 4. g3 d6 5. Bg2 O-O 6. Nc3 Nc6 7. O-O a6 8. h3 Rb8 9. e4 b5 10. d5 Na5 11. cxb5 axb5 12. b4 Nc4 13. Nd4 Bd7 14. a4 bxa4 15. b5 e5 16. Nc6 Bxc6 17. dxc6 Nb6 18. Be3 Nh5 19. Bxb6 Rxb6 20. Rxa4 Qg5 21. Qd3 f5 22. Nd5 fxe4 23. Bxe4 Rbb8 24. Kh2 Rf7 25. Qe2 Rbf8 26. Ra3 Bh6 27. Rf3 Ng7 28. Nxc7 Rxf3 29. Bxf3 Kh8 30. b6 Nf5 31. Ne6 Qf6 32. Nxf8 Nd4 33. Nd7 Nxf3+ 34. Kg2 1-0


[Site "https://www.chess.com"]

[Event "Titled Tuesday Blitz November 01 Early 2022"]
[White "Sailer, Mike"]
[Black "Postnikov, Daniil"]
[WhiteFideId "2012901"]
[BlackFideId "4166329"]
[WhiteElo "2109"]
[BlackElo "2261"]
[Result "0-1"]
[Round "04"]
[TimeControl "180+1"]
[Date "2022.11.02"]
[WhiteClock "0:00:03"]
[BlackClock "0:01:24"]

1. Nf3 Nf6 2. g3 g6 3. Bg2 Bg7 4. c4 O-O 5. Nc3 c5 6. O-O Nc6 7. a3 d5 8. cxd5 Nxd5 9. Nxd5 Qxd5 10. d3 Bg4 11. Rb1 Qd7 12. Be3 Nd4 13. Nxd4 cxd4 14. Bg5 Rac8 15. Qd2 Rfd8 16. Rfc1 b6 17. Kf1 Bh3 18. Rxc8 Rxc8 19. Rc1 Bxg2+ 20. Kxg2 Qe6 21. Rxc8+ Qxc8 22. Qc1 Qxc1 23. Bxc1 f5 24. b3 e5 25. e3 dxe3 26. fxe3 e4 27. dxe4 fxe4 28. g4 b5 29. a4 bxa4 30. bxa4 Kf7 31. Ba3 Ke6 32. Bc5 a6 33. Kf2 Kd5 34. Be7 Kc4 35. Ke2 Kb3 36. a5 Bc3 37. Bd8 Ka4 38. Kd1 Bxa5 39. Be7 Bb4 40. Kc2 Bxe7 0-1


[Site "https://www.chess.com"]

[Event "Titled Tuesday Blitz November 01 Early 2022"]
[White "Salman, Pavel"]
[Black "Brown, Andrew"]
[WhiteFideId "24153753"]
[BlackFideId "3206513"]
[WhiteElo "2187"]
[BlackElo "2245"]
[Result "1-0"]
[Round "04"]
[TimeControl "180+1"]
[Date "2022.11.02"]
[WhiteClock "0:00:10"]
[BlackClock "0:00:07"]

1. Nf3 g6 2. d4 Bg7 3. e4 c6 4. Nc3 d5 5. Be3 h5 6. Qd2 Nh6 7. h3 dxe4 8. Nxe4 Nf5 9. Bc4 Nxe3 10. fxe3 e6 11. Qb4 Bf8 12. Qc3 a5 13. O-O-O Bb4 14. Qb3 b5 15. Be2 Be7 16. a4 O-O 17. Ne5 Qd5 18. Qxd5 exd5 19. Nc3 b4 20. Nb1 Bg5 21. Kd2 Re8 22. h4 Bh6 23. g4 hxg4 24. Rdg1 f6 25. Nxg4 Bxg4 26. Rxg4 Bxe3+ 27. Kd1 Kf7 28. h5 g5 29. h6 Nd7 30. Nd2 Bxd2 31. Kxd2 Re4 32. h7 Rh8 33. Kd3 Rxg4 34. Bxg4 Nf8 35. Bf5 Kg7 36. Re1 Nxh7 37. Re7+ Kh6 38. Re6 g4 39. Bxg4 Kg5 40. Be2 f5 41. Rxc6 Nf6 42. Rc5 Rh3+ 43. Kd2 Ne4+ 44. Kc1 Rh1+ 45. Bd1 Nf2 46. Kd2 Rxd1+ 47. Ke2 Ra1 48. Kxf2 Rxa4 49. Rxd5 Ra2 50. Ke3 Rxb2 51. Rxa5 Rxc2 52. Rb5 Kg4 53. Rxb4 Kg3 54. d5 f4+ 55. Kd3 Rc8 56. d6 f3 57. Rb7 Rf8 58. Rg7+ Kf4 59. d7 f2 60. Ke2 Ke4 61. Kf1 Kf3 62. Rf7+ Rxf7 63. d8=Q Rf4 64. Qd3+ Kg4 65. Qe2+ Kf5 66. Qc2+ Kg4 67. Qg6+ Kf3 68. Qg2+ Ke3 69. Qg3+ Rf3 70. Qe5+ 1-0


[Site "https://www.chess.com"]

[Event "Titled Tuesday Blitz November 01 Early 2022"]
[White "Samarth, J Rao"]
[Black "Goryachkina, Aleksandra"]
[WhiteFideId "46652370"]
[BlackFideId "4147103"]
[WhiteElo "1564"]
[BlackElo "2484"]
[Result "0-1"]
[Round "04"]
[TimeControl "180+1"]
[Date "2022.11.02"]
[WhiteClock "0:00:01"]
[BlackClock "0:00:45"]

1. c4 Nf6 2. Nc3 e6 3. e4 d5 4. e5 d4 5. exf6 dxc3 6. bxc3 Qxf6 7. d4 b6 8. Nf3 Bb7 9. Bd3 Bxf3 10. gxf3 Bd6 11. f4 Nd7 12. f5 e5 13. Qg4 h6 14. Rg1 O-O 15. Be3 Rfe8 16. O-O-O exd4 17. cxd4 c5 18. Be4 Rad8 19. Bc6 cxd4 20. Bxd4 Be5 21. Bxe5 Nxe5 0-1


[Site "https://www.chess.com"]

[Event "Titled Tuesday Blitz November 01 Early 2022"]
[White "Sanchez, Robert"]
[Black "Barria Zuniga, Daniel"]
[WhiteFideId "2034360"]
[BlackFideId "3400816"]
[WhiteElo "2403"]
[BlackElo "2414"]
[Result "0-1"]
[Round "04"]
[TimeControl "180+1"]
[Date "2022.11.02"]
[WhiteClock "0:01:20"]
[BlackClock "0:01:05"]

1. Nf3 d5 2. e3 g6 3. c4 e6 4. Nc3 Bg7 5. d4 Nf6 6. Bd3 O-O 7. O-O dxc4 8. Bxc4 a6 9. Bd2 b5 10. Bd3 Bb7 11. Rc1 Nbd7 12. e4 c5 13. e5 Nd5 14. Nxd5 Bxd5 15. dxc5 Bxf3 16. gxf3 Nxe5 17. Be4 Rc8 18. Be3 Qh4 19. b3 f5 20. Bb7 Rcd8 21. Qe2 f4 22. Bd2 Rf5 23. Qe4 Rxd2 0-1


[Site "https://www.chess.com"]

[Event "Titled Tuesday Blitz November 01 Early 2022"]
[White "Sarana, Alexey"]
[Black "Maximov, Dmitry"]
[WhiteFideId "24133795"]
[BlackFideId "14105659"]
[WhiteElo "2689"]
[BlackElo "2494"]
[Result "1-0"]
[Round "04"]
[TimeControl "180+1"]
[Date "2022.11.01"]
[WhiteClock "0:00:39"]
[BlackClock "0:00:02"]

1. c4 Nf6 2. Nc3 g6 3. e4 d6 4. d4 Bg7 5. Be2 O-O 6. Be3 e5 7. d5 a5 8. g4 Na6 9. g5 Nd7 10. h4 f5 11. gxf6 Bxf6 12. h5 g5 13. h6 Ndc5 14. Nf3 Kh8 15. Qd2 g4 16. Nh2 Rg8 17. Rg1 Nb4 18. Bxc5 dxc5 19. a3 g3 20. Rxg3 Rxg3 21. fxg3 Bg5 22. Qd1 Ra6 23. axb4 Rxh6 24. Nf1 cxb4 25. Nb5 Qf8 26. Qd3 Rf6 27. Nxc7 Qc5 28. Ne6 Qf2+ 29. Kd1 Bxe6 30. dxe6 Rxe6 31. Rxa5 Kg7 32. Kc2 Be7 33. Nd2 Qe1 34. Rd5 Ra6 35. Rd7 Kf6 36. Bh5 b3+ 37. Nxb3 Qf2+ 38. Nd2 Rb6 39. Qf3+ Qxf3 40. Nxf3 Ke6 41. Bg4+ Kf7 42. Nxe5+ 1-0


[Site "https://www.chess.com"]

[Event "Titled Tuesday Blitz November 01 Early 2022"]
[White "Schekachikhin, Maksim"]
[Black "Csonka, Balazs"]
[WhiteFideId "24177830"]
[BlackFideId "742910"]
[WhiteElo "2272"]
[BlackElo "2404"]
[Result "0-1"]
[Round "04"]
[TimeControl "180+1"]
[Date "2022.11.02"]
[WhiteClock "0:01:19"]
[BlackClock "0:00:50"]

1. d4 Nf6 2. c4 e6 3. Nc3 Bb4 4. Qc2 d5 5. cxd5 exd5 6. Bg5 h6 7. Bh4 c5 8. dxc5 g5 9. Bg3 Ne4 10. e3 Qa5 11. Rc1 Qxa2 12. Bb5+ Bd7 13. Bxd7+ Nxd7 14. Ne2 Nxc3 15. Nxc3 Qc4 16. Bd6 Nxc5 17. Bxc5 Qxc5 18. O-O Bxc3 19. bxc3 O-O 20. Qf5 Qc6 21. h4 Qe6 22. Qf3 Qe4 23. Rfd1 Qxf3 24. gxf3 Rfd8 25. Rb1 b6 26. hxg5 hxg5 27. Rb5 Rac8 28. Rbxd5 Rxd5 29. Rxd5 Rxc3 30. Rxg5+ Kf8 31. Kf1 Rb3 32. f4 a5 33. Ke2 a4 34. Kd2 a3 35. Kc2 Rb2+ 36. Kc3 b5 0-1


[Site "https://www.chess.com"]

[Event "Titled Tuesday Blitz November 01 Early 2022"]
[White "Selkirk, Rebecca"]
[Black "Clawitter, Craig"]
[WhiteFideId "14306514"]
[BlackFideId "2023105"]
[WhiteElo "1649"]
[BlackElo "2287"]
[Result "0-1"]
[Round "04"]
[TimeControl "180+1"]
[Date "2022.11.02"]
[WhiteClock "0:02:02"]
[BlackClock "0:01:22"]

1. e4 e6 2. d4 d5 3. e5 c5 4. c3 Qb6 5. Nf3 Nc6 6. Bd3 cxd4 7. O-O Bd7 8. Re1 Nge7 9. Nbd2 dxc3 10. bxc3 Ng6 11. Rb1 Qc7 12. Nd4 Ncxe5 13. Bb5 a6 14. Bxd7+ Qxd7 15. N2f3 Nxf3+ 16. Qxf3 Be7 17. Nf5 exf5 18. Ba3 O-O 0-1


[Site "https://www.chess.com"]

[Event "Titled Tuesday Blitz November 01 Early 2022"]
[White "Sernecki, Franciszek"]
[Black "Leve, Nitai"]
[WhiteFideId "1169297"]
[BlackFideId "2006898"]
[WhiteElo "2209"]
[BlackElo "2144"]
[Result "1-0"]
[Round "04"]
[TimeControl "180+1"]
[Date "2022.11.02"]
[WhiteClock "0:00:57"]
[BlackClock "0:00:38"]

1. Nf3 d5 2. g3 Nf6 3. Bg2 Bf5 4. O-O e6 5. c4 c6 6. Qb3 Qb6 7. Nd4 Qxd4 8. Qxb7 Qb6 9. Qxa8 Be7 10. cxd5 exd5 11. d3 O-O 12. Be3 d4 13. Bf4 Nd5 14. Bxd5 cxd5 15. Qxd5 Bh3 16. Rc1 Qxb2 17. Nd2 Na6 18. Qb3 Ba3 19. Rcb1 Qxb3 20. Rxb3 Be7 21. Rc1 Nc5 22. Rb5 Ne6 23. Nf3 Nxf4 24. gxf4 Be6 25. Nxd4 Bxa2 26. Ra1 Be6 27. Rxa7 1-0


[Site "https://www.chess.com"]

[Event "Titled Tuesday Blitz November 01 Early 2022"]
[White "Shaik Sumer Arsh"]
[Black "Matinian, Nikita"]
[WhiteFideId "45020000"]
[BlackFideId "24129100"]
[WhiteElo "2190"]
[BlackElo "2422"]
[Result "0-1"]
[Round "04"]
[TimeControl "180+1"]
[Date "2022.11.02"]
[WhiteClock "0:00:03"]
[BlackClock "0:01:27"]

1. d4 Nf6 2. c4 g6 3. Nc3 d5 4. Nf3 Bg7 5. h4 c6 6. cxd5 cxd5 7. Bf4 Nc6 8. e3 Qb6 9. Qd2 Bg4 10. Ne5 Be6 11. Bb5 O-O 12. Bxc6 bxc6 13. O-O Ne4 14. Nxe4 dxe4 15. Rfc1 Rfc8 16. Qc2 Bd5 17. Nd7 Qd8 18. Nc5 f5 19. b4 e6 20. a4 Qxh4 21. b5 g5 22. Bg3 Qg4 23. Qd2 h5 24. bxc6 Rxc6 25. Nd7 Rxc1+ 26. Rxc1 h4 27. Be5 h3 28. f4 exf3 29. Bxg7 Kxg7 30. Ne5 Qxg2+ 31. Qxg2 fxg2 32. Rc7+ Kh6 33. Nf7+ Kh5 34. Ne5 Rh8 35. Rg7 g4 36. Nf7 Kh4 37. Nxh8 Kg3 38. Rh7 Kf3 39. Nf7 Kxe3 40. Ng5 Kxd4 41. Rxa7 e5 42. Rd7 f4 43. a5 f3 44. a6 Ke3 45. Nxf3 gxf3 46. Rxd5 f2+ 47. Kh2 g1=Q+ 48. Kxh3 Qh1+ 49. Kg4 Qxd5 0-1


[Site "https://www.chess.com"]

[Event "Titled Tuesday Blitz November 01 Early 2022"]
[White "Shandrygin, Nikita"]
[Black "Johnson, Ben"]
[WhiteFideId "24198668"]
[BlackFideId "2010917"]
[WhiteElo "2323"]
[BlackElo "2134"]
[Result "1-0"]
[Round "04"]
[TimeControl "180+1"]
[Date "2022.11.02"]
[WhiteClock "0:00:55"]
[BlackClock "0:00:34"]

1. e4 c5 2. Nf3 Nc6 3. d4 cxd4 4. Nxd4 Nf6 5. Nc3 e5 6. Ndb5 d6 7. Bg5 a6 8. Na3 b5 9. Nd5 Be7 10. Bxf6 Bxf6 11. c3 O-O 12. Nc2 Rb8 13. g3 Bg5 14. Bg2 g6 15. h4 Bh6 16. h5 Bg5 17. Qe2 Be6 18. Rd1 a5 19. f4 exf4 20. gxf4 Bh4+ 21. Kf1 f5 22. hxg6 hxg6 23. e5 dxe5 24. Nde3 exf4 25. Rxd8 Bxd8 26. Bxc6 fxe3 27. Qh2 Bc4+ 28. Kg1 Bf6 29. Qh7# 1-0


[Site "https://www.chess.com"]

[Event "Titled Tuesday Blitz November 01 Early 2022"]
[White "Shipov, Sergei"]
[Black "Martinez Alcantara, Jose Eduardo"]
[WhiteFideId "4113624"]
[BlackFideId "3805662"]
[WhiteElo "2762"]
[BlackElo "2703"]
[Result "0-1"]
[Round "04"]
[TimeControl "180+1"]
[Date "2022.11.01"]
[WhiteClock "0:00:15"]
[BlackClock "0:00:19"]

1. d4 Nf6 2. c4 e6 3. Nc3 Bb4 4. Qc2 d6 5. a3 Bxc3+ 6. Qxc3 Nbd7 7. f3 e5 8. e4 O-O 9. Be3 b6 10. Ne2 Re8 11. O-O-O Qe7 12. g4 c5 13. d5 b5 14. cxb5 Nb6 15. Ng3 Rf8 16. Rg1 Ne8 17. Nf5 Qc7 18. f4 f6 19. Kb1 a6 20. bxa6 Bxa6 21. Bxa6 Rxa6 22. g5 g6 23. gxf6 Nxf6 24. fxe5 Nxe4 25. Nh6+ Kh8 26. Qd3 Ra4 27. Rgf1 Rb8 28. Rf7 Qd8 29. Rdf1 Nc4 30. Rf8+ Qxf8 31. Rxf8+ Rxf8 32. Qc2 Rb8 33. Qxa4 Nc3+ 34. Kc2 Nxa4 35. b3 Nxa3+ 36. Kd2 Rxb3 37. exd6 Nc4+ 38. Kc2 Rc3+ 39. Kb1 Nxd6 40. Bf4 Rb3+ 41. Kc2 Rb2+ 42. Kc1 Kg7 43. Ng4 Nc4 44. d6 Rb7 0-1


[Site "https://www.chess.com"]

[Event "Titled Tuesday Blitz November 01 Early 2022"]
[White "Shubenkova, Veronika"]
[Black "Lauridsen, Jesper Morch"]
[WhiteFideId "44124040"]
[BlackFideId "1401890"]
[WhiteElo "2027"]
[BlackElo "2246"]
[Result "0-1"]
[Round "04"]
[TimeControl "180+1"]
[Date "2022.11.02"]
[WhiteClock "0:01:07"]
[BlackClock "0:00:02"]

1. e4 e5 2. Nf3 Nf6 3. Nxe5 d6 4. Nf3 Nxe4 5. d3 Nf6 6. d4 d5 7. Bd3 c5 8. c3 Nc6 9. h3 cxd4 10. cxd4 Bb4+ 11. Nc3 O-O 12. O-O h6 13. Bd2 Be6 14. Re1 Qd7 15. a3 Bd6 16. Nb5 Bb8 17. Rc1 a6 18. Nc3 Re8 19. Na4 Ba7 20. Be3 Bf5 21. Nc5 Bxc5 22. Rxc5 Bxd3 23. Qxd3 Ne4 24. Rc2 Rac8 25. Rec1 Qf5 26. Nh4 Qf6 27. Nf3 Qf5 28. b4 Rcd8 29. Nd2 Nd6 30. Rc3 Qxd3 31. Rxd3 Nf5 32. Nb3 Nxe3 33. fxe3 Re7 34. Nc5 Rde8 35. Kf2 Nd8 36. a4 Ne6 37. Nxe6 Rxe6 38. Rc7 Rf6+ 39. Ke2 Rb6 40. Rb3 Ree6 41. b5 axb5 42. axb5 Rg6 43. g4 h5 44. gxh5 Rh6 45. Rc8+ Kh7 46. Rf8 f6 47. Rb1 Rxh5 48. Rf7 Rxh3 49. Rg1 Rh2+ 50. Kd3 Rxb5 51. Rgxg7+ Kh8 52. Rxb7 Rxb7 53. Rxb7 Rf2 54. Rd7 Rf5 55. Re7 Kg8 56. Kc3 Kf8 57. Rd7 Rf3 58. Kd2 Rf5 59. Ke2 Ke8 60. Ra7 Kd8 61. Ra5 Rh5 62. Kf3 Ke7 63. Kg4 Rg5+ 64. Kf4 Kd6 65. Ra6+ Ke7 66. Rb6 Rh5 67. Kg4 Rg5+ 68. Kf3 Rh5 69. Rb7+ Ke6 70. Rg7 Rf5+ 71. Ke2 Rh5 0-1


[Site "https://www.chess.com"]

[Event "Titled Tuesday Blitz November 01 Early 2022"]
[White "Silva Lucena, Cristian"]
[Black "Larina, Maria"]
[WhiteFideId "2232588"]
[BlackFideId "24113182"]
[WhiteElo "2223"]
[BlackElo "1848"]
[Result "1-0"]
[Round "04"]
[TimeControl "180+1"]
[Date "2022.11.02"]
[WhiteClock "0:00:48"]
[BlackClock "0:00:20"]

1. e4 c6 2. d4 d5 3. e5 c5 4. dxc5 Nc6 5. a3 Nxe5 6. b4 a5 7. Bb5+ Nc6 8. Bb2 Nf6 9. Nd2 e6 10. Ngf3 Bd7 11. O-O axb4 12. Bxc6 Bxc6 13. axb4 Rxa1 14. Qxa1 Be7 15. Ne5 O-O 16. Ndf3 Ne4 17. Nd4 Qc7 18. b5 Be8 19. c6 Qxe5 20. Nf3 Qc7 21. Bxg7 bxc6 22. Bxf8 Bxf8 23. bxc6 Bxc6 24. Qc1 Qe7 25. Qf4 Qf6 26. Qc7 Bb5 27. Rb1 Bc4 28. h4 h6 29. Qc8 Qe7 30. Rb7 Qc5 31. Qe8 Qxf2+ 32. Kh1 Qg3 33. Qxf7+ 1-0


[Site "https://www.chess.com"]

[Event "Titled Tuesday Blitz November 01 Early 2022"]
[White "Sourath Biswas"]
[Black "Timofeev, Artyom"]
[WhiteFideId "35091484"]
[BlackFideId "4140419"]
[WhiteElo "2164"]
[BlackElo "2579"]
[Result "1/2-1/2"]
[Round "04"]
[TimeControl "180+1"]
[Date "2022.11.02"]
[WhiteClock "0:00:09"]
[BlackClock "0:00:06"]

1. d4 Nf6 2. Bf4 g6 3. Nc3 d6 4. e4 a6 5. Nf3 Bg7 6. Qd2 b5 7. Bd3 Bb7 8. e5 b4 9. Ne2 Nd5 10. Bh6 Bxh6 11. Qxh6 Kd7 12. Qh3+ e6 13. O-O Nc6 14. c4 bxc3 15. bxc3 dxe5 16. Rab1 Rb8 17. Be4 Ke7 18. dxe5 h6 19. Rfd1 Qc8 20. Qg3 Na5 21. Nfd4 Kf8 22. Qf3 Kg8 23. h4 Nc4 24. h5 g5 25. Qg3 Kf8 26. Bd3 Ncb6 27. Rf1 Rg8 28. Qh3 Nd7 29. c4 Ne7 30. f4 g4 31. Qe3 Ke8 32. Nc3 Nc5 33. Ne4 Bxe4 34. Bxe4 g3 35. Nc6 Rxb1 36. Rxb1 Nd7 37. Nxe7 Kxe7 38. c5 c6 39. Qd4 Kf8 40. Qd6+ Kg7 41. Bxc6 Nb8 42. Be4 a5 43. Qe7 Qd8 44. Rb7 Qxe7 45. Rxe7 Na6 46. c6 Rc8 47. Ra7 Nc5 48. Bf3 Nd3 49. Rxa5 Nxf4 50. Ra4 Nd3 51. Rg4+ Kf8 52. Rxg3 Nxe5 53. Be4 f5 54. Bf3 Nxf3+ 55. gxf3 Rxc6 56. Rg6 Kf7 57. Rxh6 Rc2 58. Rh7+ Kf6 59. Ra7 Kg5 60. Ra6 Kxh5 61. Rxe6 Rxa2 62. Rf6 Kg5 63. Rf8 Kf4 64. Rf7 Kg3 65. Rg7+ Kxf3 66. Rf7 f4 67. Rf8 Ra1+ 68. Kh2 Ke3 69. Re8+ Kf2 70. Kh3 Ra4 71. Rf8 f3 72. Rf7 Re4 73. Rf8 Re2 74. Kg4 Ke3 75. Rxf3+ Kd2 76. Rf4 Re3 77. Kf5 Rd3 78. Re4 Re3 79. Re5 Rxe5+ 80. Kxe5 1/2-1/2


[Site "https://www.chess.com"]

[Event "Titled Tuesday Blitz November 01 Early 2022"]
[White "Srebrnic, Marko"]
[Black "Velikanov, Alexander"]
[WhiteFideId "14603616"]
[BlackFideId "2039290"]
[WhiteElo "2340"]
[BlackElo "2259"]
[Result "1-0"]
[Round "04"]
[TimeControl "180+1"]
[Date "2022.11.02"]
[WhiteClock "0:00:06"]
[BlackClock "0:00:01"]

1. e4 g6 2. Nf3 Bg7 3. Bc4 c6 4. Bb3 d5 5. exd5 cxd5 6. O-O Nc6 7. Re1 Bg4 8. h3 Bxf3 9. Qxf3 Nf6 10. Nc3 d4 11. Ne4 O-O 12. Nxf6+ Bxf6 13. d3 Bg7 14. Bg5 Qd7 15. Ba4 Rae8 16. h4 h6 17. Bd2 Kh8 18. Bb5 f5 19. a4 e5 20. Qg3 Rf6 21. a5 a6 22. Bc4 Qd6 23. Ra3 Qc5 24. Rb3 Re7 25. h5 g5 26. Bxg5 hxg5 27. Qxg5 Kh7 28. Rb6 Qd6 29. Qh4 Bh6 30. g3 Rg7 31. Qh3 f4 32. Kh2 fxg3+ 33. fxg3 1-0


[Site "https://www.chess.com"]

[Event "Titled Tuesday Blitz November 01 Early 2022"]
[White "Stoleriu, George"]
[Black "Bluebaum, Matthias"]
[WhiteFideId "1227505"]
[BlackFideId "24651516"]
[WhiteElo "2292"]
[BlackElo "2633"]
[Result "0-1"]
[Round "04"]
[TimeControl "180+1"]
[Date "2022.11.01"]
[WhiteClock "0:02:20"]
[BlackClock "0:01:56"]

1. e4 e6 2. d4 d5 3. Nc3 Nf6 4. e5 Nfd7 5. f4 c5 6. Nf3 Nc6 7. Be3 a6 8. Qd2 b5 9. a3 Qa5 10. Ra2 Qb6 11. Ne2 b4 12. axb4 Nxb4 13. Ra1 Nc6 14. c3 a5 15. g3 Ba6 16. Bg2 cxd4 17. Nfxd4 Nxd4 18. Bxd4 Bc5 19. Bxc5 Nxc5 20. Nd4 Nd3+ 21. Kd1 Nxb2+ 22. Kc2 Nc4 23. Qc1 Rb8 24. Bf1 Ne3+ 25. Kd2 Nxf1+ 26. Rxf1 Bxf1 27. Qxf1 O-O 28. Qd3 Rfc8 29. Ra2 g6 30. g4 Qd8 0-1


[Site "https://www.chess.com"]

[Event "Titled Tuesday Blitz November 01 Early 2022"]
[White "Storey, Charles H"]
[Black "Chernobay, Artem"]
[WhiteFideId "406686"]
[BlackFideId "4167406"]
[WhiteElo "2252"]
[BlackElo "2473"]
[Result "1/2-1/2"]
[Round "04"]
[TimeControl "180+1"]
[Date "2022.11.02"]
[WhiteClock "0:00:06"]
[BlackClock "0:00:10"]

1. e4 e6 2. d4 d5 3. exd5 exd5 4. Nf3 Nc6 5. c3 Bg4 6. Be2 Bd6 7. h3 Bh5 8. Nbd2 Nge7 9. Ne5 Bxe2 10. Qxe2 O-O 11. O-O Re8 12. Nxc6 bxc6 13. Qd3 Ng6 14. Nf3 Rb8 15. b4 a5 16. a3 Ra8 17. Bg5 Qd7 18. Rfe1 h6 19. Bd2 Rxe1+ 20. Rxe1 axb4 21. axb4 Qc8 22. b5 cxb5 23. Qxb5 c6 24. Qd3 Ra2 25. Qb1 Ra4 26. Qb3 Ra3 27. Qb1 c5 28. Qb5 Kh7 29. h4 cxd4 30. h5 dxc3 31. hxg6+ fxg6 32. Bc1 Ra1 33. Qxd5 Bb4 34. Qd4 Bc5 35. Qh4 Bb6 36. Ng5+ Kh8 37. Nf7+ Kg8 38. Nd6 Qc6 39. Qc4+ Qxc4 40. Nxc4 Bc5 41. Kf1 c2 42. Ke2 Ra4 43. Ne3 Ra2 44. Kd3 Kh7 45. f3 Ra1 46. Nxc2 Ra2 47. Be3 Be7 48. Ra1 Rb2 49. Bd4 Rb3+ 50. Kc4 Rb7 51. Ra7 Rxa7 52. Bxa7 h5 53. Kd3 g5 54. Be3 Kg6 55. Ke4 h4 56. Nd4 Kh5 57. Nf5 Bf6 58. Bd2 g4 59. f4 h3 60. gxh3 gxh3 61. Kf3 g6 62. Ng3+ Kh4 63. Be1 h2 64. Nf1+ Kh3 65. Nxh2 Kxh2 66. Bg3+ Kh3 67. Bf2 Bg7 68. Be3 Bf6 69. Ke4 Bg7 70. f5 gxf5+ 71. Kxf5 1/2-1/2


[Site "https://www.chess.com"]